 Dungeon Crawl Stone Soup version 0.30.0-29-ga12c61a403 (webtiles) character file.

Game seed: 8453998902905985001

640 FallenXxXSky the Sneak (level 7, 0/41 HPs)
             Began as a Deep Elf Delver on June 25, 2023.
             Succumbed to a water moccasin's poison
             ... on level 6 of the Dungeon.
             The game lasted 00:08:36 (4877 turns).

FallenXxXSky the Sneak (Deep Elf Delver)            Turns: 4877, Time: 00:08:37

Health: 0/41       AC: 10    Str: 21    XL:     7   Next: 26%
Magic:  9/9        EV: 24    Int: 19    God:
Gold:   154        SH:  0    Dex: 16    Spells: 6/6 levels left

rFire   + + +        w - +12 short sword of Brawling {pain, rF+++ rN+ Str+4 Int+4}
rCold   . . .        (no shield)
rNeg    + + .        l - +0 chain mail
rPois   .            q - +1 helmet
rElec   .            (no cloak)
rCorr   .            (no gloves)
SInv    .            (no boots)
Will    .....        i - amulet of the acrobat
Stlth   +            v - ring of positive energy
HPRegen 0.26/turn    x - +6 ring of strength
MPRegen 0.11/turn

%: acrobat
@: lethally poisoned (0 -> -20), acrobatic
A: no striking features
a: no special abilities


You were on level 6 of the Dungeon.
You visited 1 branch of the dungeon, and saw 6 of its levels.

You collected 354 gold pieces.
You spent 200 gold pieces at shops.

Inventory:

Hand Weapons
 w - the +12 short sword of Brawling (weapon) {pain, rF+++ rN+ Str+4 Int+4}
   (You bought it in a shop on level 3 of the Dungeon)

   Str:       It affects your strength (+4).
   Int:       It affects your intelligence (+4).
   rF:        It renders you almost immune to fire.
   rN:        It protects you from negative energy.
Armour
 l - a +0 chain mail (worn)
 q - a +1 helmet (worn)
 t - a +2 ring mail of poison resistance
Jewellery
 i - an amulet of the acrobat (around neck)
 j - a ring of wizardry
 v - a ring of positive energy (left hand)
 x - a +6 ring of strength (right hand)
Wands
 d - a wand of paralysis (9)
 g - a wand of digging (3)
 u - a wand of iceblast (12)
Scrolls
 a - 3 scrolls of vulnerability {unknown}
 c - 2 scrolls of fog
 e - a scroll of fear
 h - 2 scrolls of enchant armour {unknown}
 k - a scroll of torment {unknown}
 m - 7 scrolls of identify
 n - 2 scrolls of blinking
 o - a scroll of poison {unknown}
Potions
 b - a potion of lignification
 f - 4 potions of haste
 p - a potion of mutation {unknown}
 r - 2 potions of berserk rage {unknown}
 s - a potion of curing {unknown}


   Skills:
 + Level 3.4 Fighting
 * Level 3.9(5.3) Short Blades
 - Level 5.1(5.6) Long Blades
 + Level 2.1 Armour
 - Level 2.4 Dodging
 - Level 6.0 Stealth


You had 6 spell levels left.
You didn't know any spells.
Your spell library contained the following spells:

 Spells                   Type           Power      Damage    Failure   Level
 Magic Dart               Conj           0%         1d3       83%         1
 Poisonous Vapours        Pois/Air       0%         N/A       93%         2
 Searing Ray              Conj           0%         2d4       93%         2
 Ignite Poison            Fire/Tmut/Pois 0%         N/A       99%         3
 Ozocubu's Armour         Ice            0%         N/A       99%         3
 Fulminant Prism          Conj/Hex       0%         3d5       100%        4
 Petrify                  Tmut/Erth      0%         N/A       100%        4
 Metabolic Englaciation   Hex/Ice        0%         N/A       100%        5
 Statue Form              Tmut/Erth      0%         N/A       100%        6
 Ozocubu's Refrigeration  Ice            0%         4d7       100%        7


Dungeon Overview and Level Annotations

Branches:
Dungeon (6/15)
 Temple: D:4-7

Altars:
Dithmenos
The Shining One

Shops:
D:2 :   D:3 (

Annotations:
D:5 2 transporters, Fecro's ghost, novice SpBr


Message History

A water moccasin is nearby!
A water moccasin is nearby!
The water moccasin hisses angrily.
The water moccasin bites you.
You are poisoned.
The water moccasin poisons you!
You hit the water moccasin but do no damage.
You feel sick. The water moccasin bites you.
You puncture the water moccasin!
The water moccasin is heavily wounded.
You feel sick.
The water moccasin bites you but does no damage.
The water moccasin bites you.
You are more poisoned.
The water moccasin poisons you!
You barely miss the water moccasin.
The water moccasin is heavily wounded.
You feel very sick.
The water moccasin bites you but does no damage.
You hit the water moccasin.
The water moccasin is severely wounded.
You feel very sick. The water moccasin bites you.
You puncture the water moccasin!
The water moccasin is almost dead.
You feel very sick. The water moccasin bites you.
You are more poisoned.
The water moccasin poisons you!
You puncture the water moccasin!
You kill the water moccasin!
* * * LOW HITPOINT WARNING * * *
You feel very sick.
Your Armour skill increases to level 2!
Unknown command.
* * * LOW HITPOINT WARNING * * *
You feel very sick.
There is a lethal amount of poison in your body!
There is a lethal amount of poison in your body!
You die...

#.......
#.#...#.
#...... #
.......#
###.#...#.#
.......†.# #.#
#.# ######@###
#........#
#.####.#......
#.# #.#..#...
###.####.#..#
##
#............
#.#.###.... #.
### #.#.# ....
.#
##.#####.#.#
#....


There were no monsters in sight!

Vanquished Creatures
  Menkaure (D:4)
  A water moccasin (D:6)
  A phantom (D:5)
  A howler monkey (D:6)
  An iguana (D:5)
  A sleepcap (D:4)
  4 orc wizards (D:5)
  2 adders
  4 worms
  A dart slug (D:2)
  14 orcs
  8 bats
  16 endoplasms
  6 giant cockroaches
  5 goblins
  8 hobgoblins
  2 jackals (D:4)
  8 quokkas
  7 ball pythons
  4 frilled lizards
  4 kobolds
  5 rats
104 creatures vanquished.

Notes
Turn   | Place    | Note
-------+----------+-------------------------------------------
     0 | D:5      | FallenXxXSky the Deep Elf Delver began the quest for the
                  | Orb.
     0 | D:5      | Reached XP level 1. HP: 13/13 MP: 3/3
   213 | D:3      | Reached XP level 2. HP: 17/18 MP: 4/4
   627 | D:1      | Reached XP level 3. HP: 22/22 MP: 5/5
  1276 | D:2      | Found Tikiel's Book Shop.
  1411 | D:2      | Found a shadowy altar of Dithmenos.
  1613 | D:2      | Found a faded altar of an unknown god.
  1752 | D:2      | Reached XP level 4. HP: 27/27 MP: 6/6
  2630 | D:3      | Found Feh Vionn's Antique Weapon Boutique.
  2949 | D:3      | Found a glowing golden altar of the Shining One.
  3509 | D:5      | Reached XP level 5. HP: 15/31 MP: 7/7
  3583 | D:5      | Reached skill level 5 in Long Blades
  3701 | D:3      | Bought a fine short sword for 200 gold pieces
  3701 | D:3      | Identified the +12 short sword of Brawling {pain, rF+++ rN+
                  | Str+4 Int+4} (You bought it in a shop on level 3 of the
                  | Dungeon)
  3780 | D:4      | Got Houk's Atlas of Pyromania and the Welkin
  3955 | D:4      | Noticed Menkaure
  3959 | D:4      | Killed Menkaure
  3960 | D:4      | Reached skill level 1 in Armour
  3960 | D:4      | Reached XP level 6. HP: 36/36 MP: 8/8
  4165 | D:5      | Noticed Fecro's ghost (novice SpBr)
  4165 | D:5      | Found a transporter.
  4255 | D:5      | Found a transporter.
  4753 | D:6      | Noticed a manticore
  4808 | D:6      | Reached XP level 7. HP: 41/41 MP: 9/9
  4877 | D:6      | Succumbed to a water moccasin's poison

Illustrated notes

Levels and vault maps discovered:
D:1:      dpeg_cavernosity, layout_basic, hangedman_decor_slide_cut,
          hangedman_decor_points, bh_walls_and_bars
D:2:      kennysheep_big_flooded_room, layout_loops_cross,
          shapermc_ecumenical_altar_mp_vishouse, serial_shops,
          nicolae_book_shop_shelving, basic_altar
D:3:      layout_basic, tso_altar, serial_shops,
          nicolae_shop_tiny_real_fake_doors, gup_sewer_entry_pipe
D:4:      layout_cave_pools, hellmonk_no_cap, uniq_menkaure
D:5:      layout_cave_pools, gammafunk_ghost_mausoleum
D:6:      layout_loops_corners, nemelex_dance_club_becter, temple_hall,
          minivault_22, hangedman_feature_mirror, uniq_pikel

Skill      XL: |  1  2  3  4  5  6  7 |
---------------+----------------------+-----
Long Blades    | 2 3 4 5 |  5.1
Short Blades   | 2 3 |  3.9
Armour         | 1 2 |  2.1
Fighting       | 3 |  3.4
Dodging        | |  2.4
Stealth        | |  6.0

Action                     |  1- 3 |  4- 6 |  7- 9 || total
---------------------------+-------+-------+-------++-------
  Melee: Falchion          |    27 |       |       ||    27
         Dagger            |   100 |    97 |       ||   197
         Punch             |     2 |     1 |       ||     3
         Short sword       |       |    44 |     6 ||    50
    Use: Scroll            |     1 |     3 |       ||     4
   Stab: Sleeping          |     5 |    13 |       ||    18
 Armour: Ring mail         |    17 |    50 |       ||    67
         Leather armour    |     2 |       |       ||     2
         Chain mail        |    29 |     3 |     2 ||    34
  Dodge: Dodged            |    52 |    59 |       ||   111
